 Dungeon Crawl Stone Soup version 0.30.1-11-g7821555f0a (webtiles) character file.

Game seed: 14758972803746844670

193 PaiMei the Grave Robber (level 5, 0/38 HPs)
             Began as a Demonspawn Necromancer on Jan 10, 2024.
             Slain by an ufetubus (3 damage)
             ... on level 4 of the Dungeon.
             The game lasted 00:03:38 (3352 turns).

PaiMei the Grave Robber (Demonspawn Necromancer)    Turns: 3352, Time: 00:03:38

Health: 0/38       AC:  2    Str:  8    XL:     5   Next: 44%
Magic:  6/9        EV: 12    Int: 19    God:
Gold:   141        SH:  0    Dex: 13    Spells: 2/10 levels left

rFire   . . .        t - +1 short sword (venom)
rCold   . . .        (no shield)
rNeg    . . .        a - +0 robe
rPois   .            (no helmet)
rElec   .            (no cloak)
rCorr   .            (no gloves)
SInv    .            (no boots)
Will    .....        (no amulet)
Stlth   ++           (no ring)
HPRegen 0.26/turn    (no ring)
MPRegen 0.11/turn

%: no passive effects
@: no status effects
A: ignite blood 1, powered by death 1
a: no special abilities


You were on level 4 of the Dungeon.
You visited 1 branch of the dungeon, and saw 4 of its levels.

You collected 141 gold pieces.

Inventory:

Hand Weapons
 c - a +0 dagger
 t - a +1 short sword of venom (weapon)
Missiles
 e - 3 atropa-tipped darts (quivered)
Armour
 a - a +0 robe (worn)
 q - the +2 leather armour of Grace {+Blink Fly rElec rF+}
   (You found it on level 2 of the Dungeon)

   rF:        It protects you from fire.
   rElec:     It insulates you from electricity.
   Fly:       It grants you flight.
   +Blink:    It lets you blink.
Jewellery
 m - a +4 ring of slaying
 u - an amulet of guardian spirit
 v - a ring of flight
Scrolls
 d - 3 scrolls of teleportation {unknown}
 f - 3 scrolls of identify {unknown}
 g - 2 scrolls of poison {unknown}
 h - a scroll of immolation {unknown}
 n - a scroll of magic mapping {unknown}
 s - a scroll of amnesia {unknown}
Potions
 b - a potion of magic
 i - a potion of heal wounds {unknown}
 j - 2 potions of attraction {unknown}
 k - 4 potions of resistance {unknown}
 l - 4 potions of curing {unknown}
 o - a potion of invisibility {unknown}
 p - 2 potions of ambrosia {unknown}
 r - a potion of degeneration {unknown}


   Skills:
 + Level 2.1 Fighting
 + Level 3.0 Dodging
 - Level 2.0 Stealth
 + Level 3.1 Spellcasting
 + Level 5.3 Necromancy


You had 2 spell levels left.
You knew the following spells:

 Your Spells              Type           Power      Damage    Failure   Level
a - Necrotise             Necr           92%        1d8       1%          1
b - Vampiric Draining     Necr           23%        2d7       4%          3
c - Animate Dead          Necr           23%        N/A       17%         4

Your spell library contained the following spells:

 Spells                   Type           Power      Damage    Failure   Level
 Agony                    Necr           23%        N/A       43%         5


Dungeon Overview and Level Annotations

Branches:
Dungeon (4/15)
 Temple: D:4-7

Altars:
Ru
Uskayaw


Innate Abilities, Weirdness & Mutations

Your demonic aura sometimes causes spilled blood to erupt in flames.
You regenerate a little health from kills.


Message History

You draw life force from the quokka.
You kill the quokka!
You feel life coursing into your body. The ufetubus hits you.
* * * LOW HITPOINT WARNING * * *
The ufetubus completely misses you.
Your goblin skeleton closely misses the ufetubus.
You closely miss the ufetubus. The ufetubus closely misses you.
The ufetubus hits you.
* * * LOW HITPOINT WARNING * * *
Your goblin skeleton closely misses the ufetubus.
The ufetubus barely misses you. The ufetubus misses you.
You barely miss the ufetubus. The ufetubus hits you.
* * * LOW HITPOINT WARNING * * *
The ufetubus barely misses you.
Your goblin skeleton hits the ufetubus but does no damage.
You hit the ufetubus.
The ufetubus is heavily wounded.
The ufetubus misses you. The ufetubus hits you.
* * * LOW HITPOINT WARNING * * *
The ufetubus barely misses you. x2
You miss the ufetubus.
The ufetubus is heavily wounded.
Your goblin skeleton hits the ufetubus but does no damage.
The ufetubus barely misses you. The ufetubus closely misses you.
The ufetubus hits your goblin skeleton. x2
Your goblin skeleton is destroyed!
You barely miss the ufetubus.
The ufetubus is heavily wounded.
The ufetubus hits you.
* * * LOW HITPOINT WARNING * * *
The ufetubus barely misses you.
You closely miss the ufetubus.
The ufetubus is heavily wounded.
The ufetubus barely misses you. x2; The ufetubus hits you.
* * * LOW HITPOINT WARNING * * *
The ufetubus misses you.
You closely miss the ufetubus.
The ufetubus is heavily wounded.
The ufetubus hits you.
You die...

#####
####...##
#.......#
##....)..##
#........>#
#.........#
#.........#
#...@<..?.#
#...5.....#
#.........#
#........##
#..........
##.......##..
#....#### .
#.#### ##


You could see an ufetubus.

Vanquished Creatures
  An iguana (D:2)
  Jessica (D:3)
  4 gnolls (D:3)
  3 adders
  A worm (D:2)
  A dart slug (D:3)
  6 orcs
  5 ball pythons
  5 bats
  6 endoplasms
  2 giant cockroaches
  7 goblins
  5 hobgoblins
  3 kobolds
  A quokka (D:4)
  2 frilled lizards
  6 rats
59 creatures vanquished.

Vanquished Creatures (collateral kills)
  A bat (D:3)
  An endoplasm (D:1)
2 creatures vanquished.

Grand Total: 61 creatures vanquished

Notes
Turn   | Place    | Note
-------+----------+-------------------------------------------
     0 | D:1      | PaiMei the Demonspawn Necromancer began the quest for the
                  | Orb.
     0 | D:1      | Reached XP level 1. HP: 13/13 MP: 3/3
   289 | D:1      | Gained mutation: You regenerate a little health from kills.
                  | [demonic ancestry]
   289 | D:1      | Reached XP level 2. HP: 19/19 MP: 3/5
  1442 | D:2      | Reached XP level 3. HP: 25/25 MP: 4/6
  1608 | D:2      | Identified the +2 leather armour of Grace {+Blink Fly rElec
                  | rF+}
  1645 | D:2      | Reached skill level 1 in Fighting
  1959 | D:2      | Gained mutation: Your demonic aura sometimes causes spilled
                  | blood to erupt in flames. [demonic ancestry]
  1959 | D:2      | Reached XP level 4. HP: 32/32 MP: 2/7
  2065 | D:2      | Reached skill level 5 in Necromancy
  2619 | D:3      | Found a sacrificial altar of Ru.
  2755 | D:3      | Noticed Jessica
  2761 | D:3      | Killed Jessica
  2765 | D:3      | Reached XP level 5. HP: 38/38 MP: 2/9
  2765 | D:3      | Found a hide-covered altar of Uskayaw.
  3315 | D:3      | Learned a level 3 spell: Vampiric Draining
  3320 | D:3      | Learned a level 4 spell: Animate Dead
  3352 | D:4      | Slain by an ufetubus

Illustrated notes

Levels and vault maps discovered:
D:1:      mainiacjoe_arrival_reflecting_pool, layout_loops_ring, serial_bayou,
          serial_bayou_pond_b, serial_bayou_pond_c, serial_bayou_pond_e,
          feat_on_display
D:2:      layout_loops_cross
D:3:      layout_basic, nicolae_uskayaw_dance_hall, lemuel_tele_altar,
          uniq_jessica
D:4:      layout_cave_pods, lemuel_doored_altar, grunt_dithmenos_smoke,
          mainiacjoe_overflow_large_starburst, chequers_decorated_corner,
          uniq_blork_the_orc, uniq_robin, uniq_pikel, uniq_ijyb

Skill      XL: |  1  2  3  4  5 |
---------------+----------------+-----
Stealth        | 2 |  2.0
Dodging        | 2 3 |  3.0
Fighting       | 1 2 |  2.1
Necromancy     | 5 |  5.3
Spellcasting   | 3 |  3.1

Action                     |  1- 3 |  4- 6 || total
---------------------------+-------+-------++-------
  Melee: Unarmed           |    12 |       ||    12
         Dagger            |    17 |       ||    17
         Short sword       |       |    15 ||    15
   Cast: Necrotise         |    63 |    68 ||   131
         Vampiric Draining |       |     1 ||     1
 Armour: Robe              |    12 |     7 ||    19
  Dodge: Dodged            |    41 |    40 ||    81
